 Dungeon Crawl Stone Soup version 0.27.0-1-g7a089689b8 (webtiles) character file.

Game seed: 2357047028090919904

43 pkoi the Slasher (level 3, -1/31 HPs)
             Began as a Minotaur Monk on Aug 3, 2021.
             Slain by an adder (4 damage)
             ... on level 2 of the Dungeon.
             The game lasted 00:00:53 (903 turns).

pkoi the Slasher (Minotaur Monk)                     Turns: 903, Time: 00:00:55

Health: -1/31      AC:  2    Str: 16    XL:     3   Next: 37%
Magic:  2/2        EV:  9    Int:  7    God:
Gold:   50         SH:  0    Dex: 12    Spells: 2/2 levels left

rFire    . . .     SeeInvis .   a - +0 falchion
rCold    . . .     Faith    .   (no shield)
rNeg     . . .     Spirit   .   b - +0 robe
rPois    .         Reflect  .   (helmet restricted)
rElec    .         Harm     .   (no cloak)
rCorr    .         Rampage  .   (no gloves)
Will     .....                  (no boots)
Stlth    ++........             (no amulet)
HPRegen  0.10/turn              (no ring)
MPRegen  0.08/turn              (no ring)

@: lethally poisoned (-1 -> -14), attractive, constricted
A: horns 2, retaliatory headbutt
a: no special abilities


You were on level 2 of the Dungeon.
You visited 1 branch of the dungeon, and saw 2 of its levels.

You collected 50 gold pieces.

Inventory:

Hand Weapons
 a - a +0 falchion (weapon)
Armour
 b - a +0 robe (worn)
Potions
 e - a potion of degeneration {unknown}


   Skills:
 - Level 3.6 Fighting
 + Level 5.4 Long Blades
 - Level 3.2 Dodging
 - Level 1.5 Stealth


You had 2 spell levels left.
You didn't know any spells.
Your spell library contained the following spells:

 Spells                   Type           Power      Damage    Failure   Level
 Shock                    Conj/Air       0%         1d3       43%         1
 Gell's Gravitas          Tloc           0%         N/A       80%         3
 Swiftness                Air            0%         N/A       80%         3
 Teleport Other           Tloc           0%         N/A       80%         3
 Airstrike                Air            0%         N/A       99%         4
 Dispersal                Tloc           0%         N/A       100%        6


Dungeon Overview and Level Annotations

Branches:
Dungeon (2/15)

Altars:


Innate Abilities, Weirdness & Mutations

You have a pair of horns on your head.
You reflexively headbutt those who attack you in melee.


Message History

The adder is heavily wounded.
A ball python comes into view.
The adder bites you but does no damage.
You closely miss the adder.
The ball python hisses angrily.
You headbutt the adder, but do no damage.
The adder is heavily wounded.
The adder bites you.
You miss the adder.
The adder is heavily wounded.
The adder barely misses you. You furiously retaliate!
You headbutt the adder. The adder bites you.
You are poisoned.
The adder poisons you! The adder bites you.
You are more poisoned.
The adder poisons you! The adder bites you.
You are more poisoned.
The adder poisons you!
You miss the adder.
The adder is almost dead.
You feel very sick. The adder bites you.
You are more poisoned.
The adder poisons you! The adder bites you.
You are more poisoned.
The adder poisons you!
You hit the adder.
You kill the adder!
You feel very sick. The adder bites you.
* * * LOW HITPOINT WARNING * * *
Unknown command.
It was a potion of attraction.
You feel attractive to monsters.
* * * LOW HITPOINT WARNING * * *
You feel very sick. The ball python bites you.
* * * LOW HITPOINT WARNING * * *
The ball python grabs you. The ball python constricts you. The adder bites you.
You die...

#.## .... # ... )
.. .# #. ##.#
...#.###.!#
#.....#..#
#....S@.#
#####S###
########## #.#
#........#####.#
#.#.##.#.......#
#)#######.......#
#<# #........ #.#
#.###...# ..# ...
...


You could see an adder and a ball python.

Vanquished Creatures
  An adder (D:2)
  A gnoll (D:1)
  A worm (D:2)
  A dart slug (D:1)
  3 endoplasms (D:1)
  A giant cockroach (D:1)
  A goblin (D:1)
  2 hobgoblins (D:1)
  A ball python (D:1)
  4 bats (D:1)
  A frilled lizard (D:1)
  2 kobolds
  A rat (D:1)
20 creatures vanquished.

Notes
Turn   | Place    | Note
-------+----------+-------------------------------------------
     0 | D:1      | pkoi the Minotaur Monk began the quest for the Orb.
     0 | D:1      | Reached XP level 1. HP: 19/19 MP: 0/0
    84 | D:1      | Reached skill level 4 in Long Blades
    99 | D:1      | Reached XP level 2. HP: 26/26 MP: 1/1
   416 | D:1      | Reached skill level 5 in Long Blades
   732 | D:1      | Reached XP level 3. HP: 31/31 MP: 2/2
   903 | D:2      | Slain by an adder

Illustrated notes

Levels and vault maps discovered:
D:1:      minmay_arrival_arboretum_small, layout_rooms
D:2:      layout_loops_cross, amcnicky_mini_rare_corridor_liquid,
          minmay_misc_feat_iff, minmay_hexomino_r4

Skill      XL: |  1  2 |
---------------+-------+-----
Long Blades    | 4 5 |  5.4
Fighting       | |  3.6
Dodging        | |  3.2
Stealth        | |  1.5

Action                   || total
-------------------------++-------
Melee: Falchion          ||    41
       Headbutt          ||    10
  Use: Scroll            ||     1
       Potion            ||     1
 Stab: Sleeping          ||     3
Armor: Robe              ||     7
Dodge: Dodged            ||    31
       Rpst.: Falchion   ||     5
